 Dungeon Crawl Stone Soup version 0.31-a0-981-geadf994542 (webtiles) character file.

Game seed: 16776480364184112247

4734 Gargoyl the Cleaver (level 10, -1/64 HPs)
             Began as a Gargoyle Berserker on Nov 1, 2023.
             Was a Priest of Trog.
             Slain by a shadow (23 damage)
             ... on level 7 of the Dungeon.
             The game lasted 00:07:27 (7073 turns).

Gargoyl the Cleaver (Gargoyle Berserker)            Turns: 7073, Time: 00:07:28

Health: -1/64      AC: 22    Str: 21    XL:     10   Next: 46%
Magic:  10/10      EV:  8    Int:  8    God:    Trog [***...]
Gold:   513        SH:  0    Dex: 13    Spells: 9/9 levels left

rFire   . . .        n - +0 war axe
rCold   . . .        (no shield)
rNeg    + . .        r - +0 plate armour
rPois   ∞            j - +0 helmet
rElec   +            (no cloak)
rCorr   .            (no gloves)
SInv    .            (no boots)
Will    +....        (no amulet) Stlth
                     m - ring of willpower
HPRegen 0.30/turn    (no ring)
MPRegen 0.12/turn

%: no passive effects
@: no status effects
A: sickness immunity, AC +7, negative energy resistance 1, electricity
resistance, torment resistance 1, petrification resistance
a: Renounce Religion, Berserk, Trog's Hand


You were on level 7 of the Dungeon.
You worshipped Trog.
Trog was most pleased with you.
You visited 1 branch of the dungeon, and saw 7 of its levels.

You collected 513 gold pieces.

Inventory:

Hand Weapons
 a - a +0 hand axe
 n - a +0 war axe (weapon)
Missiles
 q - 6 poisoned darts
Armour
 j - a +0 helmet (worn)
 r - a +0 plate armour (worn)
Jewellery
 m - a ring of willpower (left hand)
Scrolls
 b - 2 scrolls of fear
 o - 3 scrolls of identify
Potions
 c - 2 potions of haste
 d - 3 potions of heal wounds
 e - 5 potions of curing
 f - 3 potions of enlightenment
 h - 2 potions of mutation {unknown}
 i - a potion of brilliance {unknown}
 k - a potion of berserk rage {unknown}
 l - a potion of might {unknown}
 p - a potion of lignification {unknown}


   Skills:
 + Level 7.8 Fighting
 + Level 9.9 Axes
 + Level 8.1 Armour
 + Level 4.5 Dodging
 + Level 1.3 Stealth


You had 9 spell levels left.
You didn't know any spells.
Your spell library was empty.

Dungeon Overview and Level Annotations

Branches:
Dungeon (7/15)             Temple (0/1) D:4

Altars:
Hepliaklqana
Nemelex Xobeh
Ru
Trog
Yredelemnul
The Shining One

Annotations:
D:5 2 transporters, Dado's ghost, amateur DgFi


Innate Abilities, Weirdness & Mutations

You are immune to sickness and miasma.
Your stone body is resilient. (AC +7)
You are immune to poison.
You resist negative energy. (rN+)
You are resistant to electric shocks. (rElec)
You are resistant to unholy torment.
You are immune to petrification.


Message History

The shadow is lightly damaged.
The shadow hits you!
You slash the shadow!
The shadow is heavily damaged.
The shadow misses you.
Unknown command.
You hit the shadow but do no damage.
The shadow is heavily damaged.
The shadow hits you.
You barely miss the shadow.
The shadow is heavily damaged.
The shadow slips into darkness.
The shadow flickers and vanishes!
Deactivating autopickup; reactivate with Ctrl-A.
Unknown command.
You hit something but do no damage.
The shadow strikes at you from the darkness!
Reactivating autopickup.
You hit the shadow but do no damage.
The shadow is heavily damaged.
The shadow hits you.
Unknown command.
You barely miss the shadow.
The shadow is heavily damaged.
The shadow slips into darkness.
The shadow flickers and vanishes!
Deactivating autopickup; reactivate with Ctrl-A.
Unknown command.
You barely miss something.
The shadow strikes at you from the darkness!
Reactivating autopickup.
You barely miss the shadow.
The shadow is heavily damaged.
The shadow slips into darkness.
The shadow flickers and vanishes!
Deactivating autopickup; reactivate with Ctrl-A.
Unknown command.
You hit something.
The shadow strikes at you from the darkness!
You die...

#.# #.# #.#
#### #.# ...###
#.## ....##
#..# ....# ##.#
...## #.##
#{..# #..#
#@..# ##.###
#...# #...#
#...# ###.#
##†..# #.#
###...##
#.#######.....#
#...'........##
#######....###
######


There were no monsters in sight!

Vanquished Creatures
  Pikel (D:4)
  A troll (D:6)
  Prince Ribbit (D:7)
  4 dream sheep (D:7)
  Sigmund (D:2)
  A vampire (D:7)
  A shadow (D:7)
  A wyvern (D:4)
  Eustachio (D:5)
  A steam dragon (D:6)
  An acid dragon (D:6)
  3 water moccasins
  A black bear (D:6)
  An orc warrior (D:6)
  2 centaurs
  An ogre (D:5)
  2 phantoms (D:5)
  A bullfrog (D:7)
  6 scorpions
  A gnoll sergeant (D:6)
  A howler monkey (D:7)
  3 jellies
  4 orc priests
  3 hounds
  A sleepcap (D:4)
  6 orc wizards
  5 iguanas
  Robin (D:2)
  8 adders
  2 shadow imps (D:6)
  3 white imps (D:6)
  8 ufetubi
  5 worms
  2 dart slugs
  11 orcs
  8 bats
  5 endoplasms
  A giant cockroach (D:4)
  13 goblins
  10 hobgoblins
  8 jackals
  5 kobolds
  2 quokkas
  8 ball pythons
  2 frilled lizards
  A hobgoblin zombie (D:5)
  2 rats
160 creatures vanquished.

Notes
Turn   | Place    | Note
-------+----------+-------------------------------------------
     0 | D:1      | Gargoyl the Gargoyle Berserker began the quest for the Orb.
     0 | D:1      | Reached XP level 1. HP: 14/14 MP: 1/1
   403 | D:1      | Reached XP level 2. HP: 19/19 MP: 2/2
   553 | D:1      | Reached skill level 3 in Axes
  1018 | D:2      | Noticed Sigmund
  1032 | D:2      | Killed Sigmund
  1033 | D:2      | Reached skill level 4 in Axes
  1033 | D:2      | Reached XP level 3. HP: 24/24 MP: 3/3
  1033 | D:2      | Reached XP level 4. HP: 29/29 MP: 4/4
  1033 | D:2      | Reached XP level 5. HP: 33/33 MP: 5/5
  1176 | D:2      | Found a basalt altar of Yredelemnul.
  1249 | D:2      | Noticed Robin
  1261 | D:2      | Reached ** piety under Trog
  1263 | D:2      | Killed Robin
  1267 | D:2      | Reached XP level 6. HP: 34/39 MP: 6/6
  2394 | D:3      | Found a faded altar of an unknown god.
  2915 | D:4      | Found a staircase to the Ecumenical Temple.
  2964 | D:4      | Found a hazy altar of Hepliaklqana.
  3107 | D:4      | Noticed a wyvern
  3114 | D:4      | Killed a wyvern
  3115 | D:4      | Reached skill level 5 in Axes
  3115 | D:4      | Reached XP level 7. HP: 44/44 MP: 7/7
  3177 | D:4      | Identified the +0 robe of the Beginning {Will- Int+5}
  3359 | D:4      | Reached *** piety under Trog
  3613 | D:4      | Noticed Pikel
  3625 | D:4      | Killed Pikel
  3626 | D:4      | Reached skill level 5 in Fighting
  3626 | D:4      | Reached skill level 6 in Axes
  3626 | D:4      | Reached XP level 8. HP: 50/50 MP: 8/8
  3638 | D:4      | Reached skill level 5 in Armour
  3933 | D:5      | Entered Level 5 of the Dungeon
  3959 | D:5      | Noticed Eustachio
  4086 | D:5      | Killed Eustachio
  4286 | D:5      | Found a transporter.
  4288 | D:5      | Noticed Dado's ghost (amateur DgFi)
  4317 | D:5      | Found a transporter.
  4490 | D:5      | Reached skill level 7 in Axes
  4490 | D:5      | Reached skill level 1 in Stealth
  4626 | D:5      | Found a sacrificial altar of Ru.
  4748 | D:5      | Reached XP level 9. HP: 44/54 MP: 9/9
  5204 | D:6      | Found a glowing golden altar of the Shining One.
  5321 | D:6      | Found a bloodstained altar of Trog.
  5378 | D:6      | Reached skill level 8 in Axes
  5418 | D:6      | Found a sparkling altar of Nemelex Xobeh.
  5597 | D:6      | Noticed a troll
  5603 | D:6      | Killed a troll
  6570 | D:7      | Reached skill level 9 in Axes
  6575 | D:7      | Noticed Prince Ribbit
  6629 | D:7      | Killed Prince Ribbit
  6630 | D:7      | Reached XP level 10. HP: 62/63 MP: 10/10
  6694 | D:7      | Found a basalt altar of Yredelemnul.
  7073 | D:7      | Slain by a shadow

Illustrated notes

Levels and vault maps discovered:
D:1:      co_arrival_random_square_maze, layout_loops_ring,
          kennysheep_small_spiral, minmay_tromino_i4
D:2:      layout_basic, basic_altar, uniq_robin, uniq_sigmund
D:3:      layout_basic, shapermc_ecumenical_altar_flowoftime
D:4:      layout_cave_pods, nicolae_overflow_hidden_temple,
          minmay_temple_entry_ruins, serial_glass, glass_columns_a,
          glass_columns_a, due_unseen_surprise, feat_on_display,
          item_on_display_a, minmay_increasing_density, uniq_pikel
D:5:      layout_basic, lemuel_doored_altar, enter_ossuary_3,
          gammafunk_ghost_arena, uniq_eustachio
D:6:      minmay_opposing_rooms, layout_loops_corners,
          mainiacjoe_overflow_small_starburst,
          mainiacjoe_overflow_large_starburst, amcnicky_mini_pool_small,
          serial_park_tiny_2, billiards_dpeg
D:7:      layout_basic, mainiacjoe_overflow_catwalk, grunt_decor_fettered,
          hellmonk_guarded_unrand_night, uniq_prince_ribbit1

Skill      XL: |  1  2  3  4  5  6  7  8  9 10 |
---------------+-------------------------------+-----
Axes           | 4 5 6 7 9 |  9.9
Fighting       | 4 5 7 |  7.8
Dodging        | 2 3 4 |  4.5
Armour         | 3 4 6 7 8 |  8.1
Stealth        | 1 |  1.3

Action                     |  1- 3 |  4- 6 |  7- 9 | 10-12 || total
---------------------------+-------+-------+-------+-------++-------
  Melee: Hand axe          |    55 |   182 |   241 |       ||   478
         Punch             |     2 |     1 |     6 |     1 ||    10
         War axe           |       |       |   169 |    61 ||   230
 Invoke: Berserk           |     1 |     3 |    10 |     2 ||    16
         Trog's Hand       |       |       |     7 |     2 ||     9
    Use: Scroll            |     2 |     5 |     2 |       ||     9
 Armour: Animal skin       |    37 |       |       |       ||    37
         Chain mail        |     8 |   169 |   464 |    63 ||   704
         Plate armour      |       |       |       |    38 ||    38
  Dodge: Dodged            |    34 |   105 |   299 |    42 ||   480

Table legend: (Time is in decaauts)
 A = Elapsed time spent in this place.
 B = Non-inter-level travel time spent in this place.
 C = Inter-level travel time spent in this place.
 D = Time resting spent in this place.
 E = Time spent auto-exploring this place.
 F = Levels seen in this place.
 G = Mean time per level.
                   A        B        C        D        E       F      G
               +--------+--------+--------+--------+--------+-----+--------+
         Total |   7249 |   7042 |    207 |    221 |   5116 |   7 | 1035.6 |
       Dungeon |   7249 |   7042 |    207 |    221 |   5116 |   7 | 1035.6 |
               +--------+--------+--------+--------+--------+-----+--------+

Top non-repeatable levels by time:
     D:6: 1464 daAuts
     D:5: 1288 daAuts
     D:4: 1216 daAuts
     D:2: 1014 daAuts
     D:1: 957 daAuts
     D:3: 802 daAuts
     D:7: 505 daAuts
